 Dungeon Crawl Stone Soup version 0.17-a0-2014-g32cd421 (webtiles) character file.

768 Shim the Chucker (level 7, -2/58 HPs)
             Began as a Hill Orc Gladiator on Oct 9, 2015.
             Slain by a sky beast (6 damage)
             ... on level 5 of the Dungeon.
             The game lasted 00:23:53 (4520 turns).

Shim the Chucker (Hill Orc Gladiator)               Turns: 4520, Time: 00:23:53

Health: -2/58      AC:  8    Str: 22    XL:     7   Next: 82%
Magic:  7/7        EV: 13    Int:  8    God:
Gold:   337        SH:  0    Dex: 13    Spells: 0 memorised, 6 levels left

rFire  . . .     SeeInvis .     a - +0 trident
rCold  . . .     Clarity  .     K - +1 troll leather armour {Purgy}
rNeg   . . .     SustAt   .     (no shield)
rPois  .         Gourm    .     c - +0 helmet
rElec  .         Spirit   .     t - +0 cloak
rCorr  .         Warding  .     v - +0 pair of gloves
rMut   .         Stasis   .     (no boots)
MR     .....                    (no amulet)
Stlth  ++........               I - +4 ring of strength
                                g - ring of wizardry

@: not resistant to hostile enchantments, unstealthy
A: no striking features
a: no special abilities


You were on level 5 of the Dungeon.
You were not hungry.

You visited 1 branch of the dungeon, and saw 5 of its levels.
You also visited: Sewer.

You collected 337 gold pieces.

Inventory:

Hand Weapons
 a - a +0 trident (weapon)
Missiles
 n - 82 stones
 o - 4 javelins (quivered)
 D - 5 tomahawks
Armour
 b - a +0 leather armour
 c - a +0 helmet (worn)
 h - a +2 pair of gloves
 t - a +0 cloak (worn)
 v - a +0 pair of gloves (worn)
 y - a +2 scale mail of positive energy
 B - a +0 large shield
 K - a +1 troll leather armour (worn) {Purgy}
Jewellery
 g - a ring of wizardry (left hand)
 I - a +4 ring of strength (right hand)
Wands
 r - a wand of magic darts (27)
 E - a wand of disintegration (6)
Scrolls
 d - 3 scrolls of enchant weapon {unknown}
 l - 2 scrolls of identify
 x - a scroll of teleportation {unknown}
 A - a scroll of fog
 C - a scroll of random uselessness {unknown}
 F - a scroll of recharging {unknown}
 G - a scroll of blinking {unknown}
 H - a scroll of remove curse {unknown}
Potions
 e - 2 potions of curing
 j - a potion of ambrosia {unknown}
 k - 2 potions of invisibility {unknown}
 p - 4 potions of haste {unknown}
 q - a potion of cancellation {unknown}
 s - a potion of poison {unknown}
 u - 2 potions of might {unknown}
 w - a potion of beneficial mutation {unknown}
Comestibles
 f - 3 meat rations
 i - 3 fruits
 z - a slice of pizza


   Skills:
 + Level 3.9 Fighting
 + Level 4.3 Polearms
 + Level 4.8 Throwing
 + Level 2.4 Armour
 + Level 3.8 Dodging
 * Level 3.0 Stealth


You had 6 spell levels left.
You didn't know any spells.

Dungeon Overview and Level Annotations

Branches:
Dungeon (5/15)
 Temple: D:4-7

Altars:
Elyvilon
Qazlal

Annotations:
D:3 Ijyb


Message History

You hit the sky beast but do no damage.
The sky beast is almost dead.
The sky beast hits you. The sky beast shocks you.
* * * LOW HITPOINT WARNING * * *
You hit the sky beast but do no damage.
The sky beast is almost dead.
The sky beast misses you.
You hit the sky beast but do no damage.
The sky beast is almost dead.
The sky beast flickers out of sight!
Deactivating autopickup; reactivate with Ctrl-A.
Something hits you but does no damage.
You closely miss something. Something hits you.
* * * LOW HITPOINT WARNING * * *
Something shocks you.
* * * LOW HITPOINT WARNING * * *
You miss something. Something hits you.
* * * LOW HITPOINT WARNING * * *
Something shocks you.
You die...

##.....##
#.# #..
##.......##
#.# #..
#...≈≈≈...#
#..
#..≈≈≈≈≈..#
#..
#..≈≈♣≈≈....
###
#..≈≈≈≈≈....
♣...≈≈≈...♣#
♣♣.......♣♣
♣♣@....♣♣
♣♣{..♣♣
.(..♣ .....♣
≈≈≈...♣
≈≈≈≈..♣
≈_≈≈...
≈≈≈≈..♣


There were no monsters in sight!

Vanquished Creatures
  Purgy (Sewer)
  A phantom (D:4)
  2 ogres (D:4)
  A scorpion (D:4)
  An orc priest (D:4)
  An orc wizard (D:4)
  Natasha (twice) (D:3)
  3 worker ants
  3 gnolls (D:2)
  9 adders
  A shadow imp (D:5)
  2 oozes (D:1)
  3 worms
  2 giant geckos
  7 orcs (D:4)
  11 bats
  A giant cockroach (D:1)
  10 goblins
  7 hobgoblins
  A quokka (D:4)
  4 giant newts
  7 kobolds
  11 rats
91 creatures vanquished.

Notes
Turn   | Place    | Note
--------------------------------------------------------------
     0 | D:1      | Shim the Hill Orc Gladiator began the quest for the Orb.
     0 | D:1      | Reached XP level 1. HP: 18/18 MP: 1/1
   137 | D:1      | Reached XP level 2. HP: 20/25 MP: 2/2
   508 | D:1      | Reached XP level 3. HP: 30/30 MP: 3/3
   775 | D:1      | Reached skill level 1 in Stealth
  1375 | D:2      | Reached XP level 4. HP: 37/37 MP: 4/4
  2070 | D:2      | Reached skill level 1 in Armour
  2293 | D:3      | Reached XP level 5. HP: 44/44 MP: 5/5
  2303 | D:3      | Noticed Natasha
  2314 | D:3      | Killed Natasha
  2684 | D:3      | Noticed Natasha
  2689 | D:3      | Killed Natasha
  2807 | D:3      | Noticed Ijyb
  3033 | D:4      | Noticed an ogre
  3033 | D:4      | Noticed an ogre
  3049 | D:4      | Killed an ogre
  3049 | D:4      | Reached XP level 6. HP: 51/51 MP: 6/6
  3059 | D:4      | Killed an ogre
  3059 | D:4      | Reached skill level 4 in Throwing
  3358 | D:4      | Found a stormy altar of Qazlal.
  3429 | D:4      | Reached XP level 7. HP: 57/57 MP: 7/7
  3647 | D:4      | Noticed a phantom
  3652 | D:4      | Killed a phantom
  3877 | D:5      | Entered Level 5 of the Dungeon
  4051 | D:5      | Found a glowing drain.
  4108 | Sewer    | Entered a sewer
  4158 | Sewer    | Noticed Purgy
  4177 | Sewer    | Killed Purgy
  4494 | D:5      | Found a white marble altar of Elyvilon.
  4520 | D:5      | Slain by a sky beast

Vault maps used:
D:1:      dpeg_arrival_refuge, grunt_decor_arrowhead
D:3:      ashenzari_conservatory_becter, uniq_iyjb, uniq_natasha, uniq_terence
D:4:      nicolae_qazlal_general_emergency
D:5:      nicolae_ru_sacrificial_ziggurat, gup_sewer_entry_spiral, first_bread,
          elyvilon_altar_3, uniq_prince_ribbit1
Sewer:    sewer_big_baddie

Action                   |  1- 3 |  4- 6 |  7- 9 || total
-------------------------+-------+-------+-------++-------
Melee: Trident           |    60 |    76 |   133 ||   269
Throw: Javelin           |    45 |    43 |    20 ||   108
       Throwing net      |     1 |     4 |       ||     5
       Stone             |       |     1 |       ||     1
  Use: Scroll            |       |     1 |     3 ||     4
 Stab: Sleeping          |       |     1 |       ||     1
       Held in net/web   |       |     1 |       ||     1
  Eat: Chunk             |     1 |     4 |     2 ||     7
       Bread ration      |       |     1 |       ||     1
